AoeStats
← Abetterhandle

Black Forest

508611644Analyzed
4v4 RM · 10d ago on Sep 23, 2026· 78m 0s· 8 players
Game mode
Random Map
Map size
Large (8 player)
Population
200
Speed
Normal
Resources
Standard
Victory
Conquest
Starting age
Dark Age
Ending age
Imperial Age
RankedLock teamsTeams togetherTeam positionsShared explorationLock speedFull tech treeHidden civsTurbo modeCheats
Victory
Defeat
🇨🇳 Turks · China
787
+14
🇮🇹 Khmer · Italy
742
+16
🇮🇩 Cumans · Indonesia
730
+17
🇹🇷 Mongols · Türkiye
720
+29
🇳🇿 Byzantines · New Zealand
901
-21
🇮🇩 Franks · Indonesia
857
-21
🇩🇪 Vietnamese · Germany
613
-11
🇮🇳 Bohemians · India
612
-11
angelomolinaro2006
0:29 Loom
11:05 Feudal Age
12:17 Double-Bit Axe
15:24 Horse Collar
21:23 Castle Age
19:33 Gold Mining
20:09 Stone Mining
22:35 Bow Saw
33:38 Imperial Age
31:46 Wheelbarrow
31:00 Town Watch
32:23 Gold Shaft Mining
33:21 Hand Cart
33:47 Stone Shaft Mining
34:16 Town Patrol
34:35 Forging
36:58 Heavy Scorpion
39:27 Double Crossbow
40:27 Caravan
40:55 Tusk Swords
41:35 Elite Ballista Elephant
42:44 Bloodlines
43:45 Light Cavalry
47:15 Pikeman
55:25 Scale Mail Armor
56:01 Iron Casting
59:19 Halberdier
60:09 Scale Barding Armor
63:06 Heavy Plow
Dmitry Petrovich
19:37 Loom
21:23 Feudal Age
24:38 Double-Bit Axe
25:32 Wheelbarrow
24:43 Town Watch
24:41 Horse Collar
24:53 Stone Mining
24:54 Gold Mining
25:38 Fletching
25:48 Padded Archer Armor
25:59 Forging
25:51 Scale Mail Armor
25:57 Scale Barding Armor
28:43 Castle Age
31:53 Hand Cart
31:39 Town Patrol
33:50 Husbandry
35:27 Murder Holes
37:11 Ballistics
37:52 Bodkin Arrow
38:13 Leather Archer Armor
38:39 Caravan
40:43 Coinage
41:25 Bloodlines
46:11 Imperial Age
46:51 Elite Mangudai
47:43 Bracer
48:32 Banking
52:07 Chemistry
56:40 Hoardings
59:06 Siege Engineers
59:11 Masonry
65:14 Hoardings
64:11 Sappers
65:02 Conscription
64:43 Nomads
Wololo
0:27 Loom
12:06 Feudal Age
15:31 Double-Bit Axe
20:47 Castle Age
20:22 Stone Mining
20:16 Horse Collar
21:54 Wheelbarrow
22:28 Bow Saw
22:21 Heavy Plow
26:37 Gold Mining
27:53 Gold Shaft Mining
32:01 Imperial Age
29:50 Padded Archer Armor
30:11 Town Watch
30:41 Hand Cart
30:36 Caravan
31:02 Leather Archer Armor
31:20 Town Patrol
31:49 Fletching
33:56 Conscription
33:47 Artillery
33:54 Bodkin Arrow
34:29 Ring Archer Armor
36:37 Treadmill Crane
37:08 Masonry
38:11 Two-Man Saw
40:30 Forging
40:26 Scale Barding Armor
40:47 Bloodlines
40:37 Husbandry
41:51 Iron Casting
41:58 Ballistics
42:57 Chain Barding Armor
44:43 Blast Furnace
45:48 Plate Barding Armor
Lagi Gabut
0:30 Loom
13:08 Feudal Age
21:21 Castle Age
19:49 Horse Collar
20:01 Double-Bit Axe
24:26 Heavy Plow
24:39 Bow Saw
24:09 Pikeman
24:50 Squires
35:44 Imperial Age
34:43 Wheelbarrow
36:00 Forging
35:51 Scale Mail Armor
35:59 Scale Barding Armor
36:58 Hand Cart
37:22 Crop Rotation
37:54 Two-Man Saw
38:22 Iron Casting
38:02 Chain Mail Armor
38:25 Town Watch
38:05 Onager
38:09 Halberdier
39:19 Chain Barding Armor
39:45 Ballistics
39:21 Murder Holes
39:37 Masonry
39:50 Bloodlines
42:21 Blast Furnace
41:52 Plate Mail Armor
41:58 Plate Barding Armor
41:33 Caravan
42:04 Coinage
41:45 Guilds
41:46 Elite Steppe Lancer
42:57 Steppe Husbandry
53:14 Banking
53:53 Hoardings
53:41 Conscription
52:42 Elite Kipchak
56:31 Cuman Mercenaries
56:02 Siege Onager
61:00 Fletching
61:11 Padded Archer Armor
62:19 Chemistry
tobhaeg
0:30 Loom
16:02 Feudal Age
22:34 Castle Age
20:35 Double-Bit Axe
20:55 Horse Collar
21:10 Gold Mining
21:20 Stone Mining
21:42 Fletching
22:08 Padded Archer Armor
27:24 Elite Skirmisher
28:10 Thumb Ring
30:09 Murder Holes
30:39 Bow Saw
30:44 Crossbowman
31:30 Squires
31:19 Arson
31:42 Scale Mail Armor
33:46 Heavy Plow
33:36 Pikeman
34:32 Town Watch
35:26 Wheelbarrow
36:56 Bodkin Arrow
37:17 Leather Archer Armor
37:13 Forging
37:19 Chain Mail Armor
37:11 Scale Barding Armor
37:34 Ballistics
40:31 Imperial Age
38:21 Hand Cart
40:01 Iron Casting
40:09 Chatras
41:40 Paper Money
40:57 Imperial Skirmisher
40:59 Arbalester
42:19 Crop Rotation
42:58 Two-Man Saw
43:21 Chemistry
42:55 Elite Battle Elephant
43:55 Bracer
45:15 Halberdier
61:00 Elite Rattan Archer
64:01 Ring Archer Armor
64:03 Plate Mail Armor
63:55 Chain Barding Armor
Abetterhandle
0:57 Loom
12:24 Feudal Age
12:53 Double-Bit Axe
18:12 Castle Age
20:01 Horse Collar
28:32 Imperial Age
26:23 Stone Mining
27:01 Fletching
27:12 Padded Archer Armor
28:13 Wheelbarrow
27:16 Elite Skirmisher
27:55 Bodkin Arrow
29:27 Squires
30:17 Forging
29:32 Imperial Skirmisher
30:05 Pikeman
30:32 Gambesons
31:06 Leather Archer Armor
33:24 Ring Archer Armor
37:33 Ballistics
38:14 Chemistry
37:25 Clinker Construction
37:26 Careening
37:26 Clinker Construction
37:26 Careening
39:12 Hand Cart
38:52 Elite Varangian Guard
40:06 Scale Mail Armor
40:43 Iron Casting
43:13 Chain Mail Armor
43:02 Halberdier
45:44 Scale Barding Armor
46:32 Conscription
47:19 Caravan
Picnic
11:55 Feudal Age
12:47 Gold Mining
12:49 Stone Mining
12:48 Double-Bit Axe
18:24 Castle Age
18:45 Scale Barding Armor
18:51 Forging
21:20 Wheelbarrow
21:04 Bow Saw
21:35 Gold Shaft Mining
23:48 Caravan
26:44 Hand Cart
28:32 Chain Barding Armor
28:48 Iron Casting
30:36 Husbandry
38:56 Imperial Age
39:02 Cavalier
41:44 Paladin
42:39 Chivalry
47:29 Plate Barding Armor
48:52 Blast Furnace
A11Wolv3rin3
0:36 Loom
18:45 Feudal Age
19:23 Horse Collar
19:30 Double-Bit Axe
27:31 Castle Age
28:41 Caravan
30:41 Bow Saw
30:52 Heavy Plow
34:08 Wheelbarrow
35:16 Chemistry
34:27 Fortified Wall
35:47 Hand Cart
35:48 Town Watch
39:45 Imperial Age
37:47 Wagenburg Tactics
38:20 Murder Holes
38:48 Ballistics
38:39 Masonry
38:03 Man-at-Arms
38:04 Pikeman
38:47 Squires
38:38 Elite Skirmisher
39:34 Forging
39:24 Scale Mail Armor
39:14 Fletching
39:25 Padded Archer Armor
39:52 Houfnice
40:04 Long Swordsman
40:33 Arson
40:13 Halberdier
42:53 Two-Handed Swordsman
44:08 Capped Ram
44:12 Champion
44:16 Imperial Skirmisher
54:57 Wagenburg Tactics
54:12 Elite Hussite Wagon
56:52 Guard Tower
57:25 Ballistics
57:17 Masonry
60:36 Conscription
72:25 Two-Man Saw
72:10 Hussite Reforms
73:39 Architecture
Connection lost

Rejoining the realm…

Still unreachable

The connection could not be restored.

Session expired

The server has moved on; the page needs a fresh start.